 Dungeon Crawl Stone Soup version 0.29.1-12-g30fa7ad0bf (webtiles) character file.

Game seed: 6118961370646655890

107 FaviusArthum the Conjurer (level 4, 0/24 HPs)
             Began as a Deep Elf Conjurer on Jan 11, 2023.
             Slain by an iguana (11 damage)
             ... on level 4 of the Dungeon.
             The game lasted 00:12:58 (4301 turns).

FaviusArthum the Conjurer (Deep Elf Conjurer)       Turns: 4301, Time: 00:13:00

Health: 0/24       AC:  3    Str: 10    XL:     4   Next: 57%
Magic:  4/12       EV: 12    Int: 25    God:
Gold:   71         SH:  0    Dex: 13    Spells: 4/11 levels left

rFire   . . .      SeeInvis .   g - +2 dagger (speed)
rCold   . . .      Faith    .   (no shield)
rNeg    . . .      Spirit   .   a - +0 robe
rPois   .          Reflect  .   v - +0 helmet
rElec   .          Harm     .   (no cloak)
rCorr   .          Rampage  .   (no gloves)
Will    .....                   (no boots)
Stlth   ++........              (no amulet)
HPRegen 0.08/turn               h - ring of wizardry
MPRegen 0.13/turn               p - +6 ring of strength

@: no status effects
A: no striking features
a: no special abilities


You were on level 4 of the Dungeon.
You visited 1 branch of the dungeon, and saw 4 of its levels.

You collected 101 gold pieces.
You spent 30 gold pieces at shops.

Inventory:

Hand Weapons
 d - a +0 club
 g - a +2 dagger of speed (weapon)
 q - a +0 falchion
Armour
 a - a +0 robe (worn)
 o - a +0 pair of boots
 v - a +0 helmet (worn)
Magical Staves
 x - a staff of cold
Jewellery
 h - a ring of wizardry (left hand)
 p - a +6 ring of strength (right hand)
Wands
 s - a wand of digging (6)
Scrolls
 c - a scroll of butterflies
 i - a scroll of vulnerability
Potions
 b - a potion of magic
 e - 2 potions of heal wounds {unknown}
 f - a potion of flight {unknown}
 k - a potion of might {unknown}
 l - a potion of lignification {unknown}
 m - 3 potions of curing
 n - 2 potions of berserk rage {unknown}
 r - a potion of cancellation {unknown}
 t - a potion of resistance {unknown}
 w - a potion of attraction {unknown}


   Skills:
 + Level 2.6 Dodging
 + Level 3.3 Stealth
 + Level 4.1 Spellcasting
 + Level 5.7 Conjurations


You had 4 spell levels left.
You knew the following spells:

 Your Spells              Type           Power      Damage    Failure   Level
a - Magic Dart            Conj           100%       1d8       1%          1
b - Searing Ray           Conj           66%        2d6       1%          2
c - Fulminant Prism       Conj/Hex       9%         3d7       12%         4

Your spell library contained the following spells:

 Spells                   Type           Power      Damage    Failure   Level
 Dazzling Flash           Conj/Hex       38%        N/A       3%          3
 Mephitic Cloud           Conj/Pois/Air  14%        N/A       4%          3
 Ensorcelled Hibernation  Hex/Ice        10%        N/A       6%          2
 Passwall                 Tmut/Erth      4%         N/A       6%          2
 Ignite Poison            Fire/Tmut/Pois 5%         N/A       11%         3
 Swiftness                Air            5%         N/A       11%         3
 Iskenderun's Mystic Bla  Conj/Tloc      19%        2d6       12%         4
 Freezing Cloud           Conj/Ice/Air   7%         6-21      41%         5


Dungeon Overview and Level Annotations

Branches:
Dungeon (4/15)
 Temple: D:4-7

Altars:
Yredelemnul

Shops:
D:2 !!![[


Message History

The iguana is lightly wounded. (Press . to maintain the ray.)
Casting: Searing Ray (safe; 1% risk of failure)
Confirm with . or Enter, or press ? or * to list all spells.
Aiming: Magic Dart (safe; 1% risk of failure)
Press: ? - help, Shift-Dir - straight line, f/p - iguana
Aim: an iguana (lightly wounded, 100% to hit)
The magic dart hits the iguana but does no damage.
The iguana is lightly wounded.
You closely miss the iguana.
The iguana is lightly wounded.
You hit the iguana but do no damage.
The iguana is lightly wounded.
The iguana bites you.
Casting: Magic Dart (safe; 1% risk of failure)
Confirm with . or Enter, or press ? or * to list all spells.
Aiming: Magic Dart (safe; 1% risk of failure)
Press: ? - help, Shift-Dir - straight line, f/p - iguana
Aim: an iguana (lightly wounded, 100% to hit)
The magic dart hits the iguana but does no damage.
The iguana is lightly wounded.
The iguana barely misses you.
Casting: Magic Dart (safe; 1% risk of failure)
Confirm with . or Enter, or press ? or * to list all spells.
Aiming: Magic Dart (safe; 1% risk of failure)
Press: ? - help, Shift-Dir - straight line, f/p - iguana
Aim: an iguana (lightly wounded, 100% to hit)
The magic dart hits the iguana.
The iguana is moderately wounded.
The iguana bites you!
Casting: Magic Dart (safe; 1% risk of failure)
Confirm with . or Enter, or press ? or * to list all spells.
Aiming: Searing Ray (safe; 1% risk of failure)
Press: ? - help, Shift-Dir - straight line, f/p - iguana
Aim: an iguana (moderately wounded, 83% to hit)
The searing ray hits the iguana but does no damage.
The iguana is moderately wounded. (Press . to maintain the ray.)
The iguana bites you!
You die...

.......#
.......#
.......#
......###
.......#
#......#
#......#
#.l....#
#.@....#
..####†.....#
............#
.####......<#
#.<.....#
#.####### #.
##


You could see an iguana.

Vanquished Creatures
  2 gnolls (D:2)
  4 adders
  A shadow imp (D:3)
  A dart slug (D:2)
  2 orcs (D:3)
  2 ball pythons (D:2)
  7 endoplasms
  2 goblins (D:1)
  2 hobgoblins
  6 quokkas
  4 bats
  2 frilled lizards
  2 kobolds
  5 rats
42 creatures vanquished.

Notes
Turn   | Place    | Note
-------+----------+-------------------------------------------
     0 | D:1      | FaviusArthum the Deep Elf Conjurer began the quest for the
                  | Orb.
     0 | D:1      | Reached XP level 1. HP: 10/10 MP: 6/6
   326 | D:1      | Reached XP level 2. HP: 15/15 MP: 6/8
   329 | D:1      | Learned a level 2 spell: Searing Ray
   669 | D:1      | Reached skill level 5 in Conjurations
  1295 | D:2      | Found Zavew's Armour Emporium.
  1321 | D:2      | Found Vuxeosi's Distillery.
  1331 | D:2      | Reached XP level 3. HP: 19/19 MP: 3/9
  1767 | D:2      | Found Vaosoaz's Distillery.
  1819 | D:2      | Found Xuguqoli's Distillery.
  1826 | D:2      | Bought a potion of curing for 30 gold pieces
  1897 | D:2      | You fall into a shaft and drop 1 floor!
  2383 | D:3      | Found a faded altar of an unknown god.
  2419 | D:3      | Found a basalt altar of Yredelemnul.
  2928 | D:2      | Reached XP level 4. HP: 24/24 MP: 8/12
  2933 | D:2      | Learned a level 4 spell: Fulminant Prism
  3676 | D:2      | Found Isu Zyaj's Antique Armour Shop.
  4184 | D:4      | Noticed a necrophage
  4301 | D:4      | Slain by an iguana

Illustrated notes

Levels and vault maps discovered:
D:1:      dpeg_arrival_houses_and_road, layout_loops_cross
D:2:      cheibrodos_old_hovel, layout_basic, serial_shops, shop, shop,
          nicolae_shop_stone, nicolae_shop_competitors_out_of_business, shop,
          hangedman_feature_mirror, nicolae_elevator_lobby_plus
D:3:      layout_loops_ring, yredelemnul_altar_generic,
          shapermc_ecumenical_altar_petra
D:4:      layout_rooms, nicolae_dithmenos_the_darkroom,
          nicolae_hepliaklqana_hippocampus

Skill      XL: |  1  2  3  4 |
---------------+-------------+-----
Conjurations   | 5 |  5.7
Spellcasting   | 4 |  4.1
Stealth        | 3 |  3.3
Dodging        | |  2.6

Action                   |  1- 3 |  4- 6 || total
-------------------------+-------+-------++-------
Melee: Dagger            |     4 |     6 ||    10
 Cast: Magic Dart        |    42 |    27 ||    69
       Searing Ray       |    13 |     5 ||    18
  Use: Scroll            |     2 |     4 ||     6
Armor: Robe              |       |     2 ||     2
Dodge: Dodged            |     2 |     5 ||     7
